 Dungeon Crawl Stone Soup version 0.29.1-1-gd02db6906a (webtiles) character file.

Game seed: 17356297119556608376

12 sleeves the Ducker (level 2, -1/23 HPs)
             Began as a Minotaur Hedge Wizard on Sept 30, 2022.
             Killed from afar by a dart slug (2 damage)
             ... with a slug dart
             ... on level 1 of the Dungeon.
             The game lasted 00:00:42 (535 turns).

sleeves the Ducker (Minotaur Hedge Wizard)           Turns: 535, Time: 00:00:43

Health: -1/23      AC:  2    Str: 14    XL:     2   Next: 20%
Magic:  3/4        EV: 12    Int: 11    God:
Gold:   0          SH:  0    Dex:  9    Spells: 4/5 levels left

rFire   . . .      SeeInvis .   a - +0 dagger
rCold   . . .      Faith    .   (no shield)
rNeg    . . .      Spirit   .   b - +0 robe
rPois   .          Reflect  .   c - +0 hat
rElec   .          Harm     .   (no cloak)
rCorr   .          Rampage  .   (no gloves)
Will    .....                   (no boots)
Stlth   +.........              (no amulet)
HPRegen 0.07/turn               (no ring)
MPRegen 0.09/turn               (no ring)

@: very slightly contaminated
A: horns 2, retaliatory headbutt
a: no special abilities


You were on level 1 of the Dungeon.
You visited 1 branch of the dungeon, and saw 1 of its levels.

Inventory:

Hand Weapons
 a - a +0 dagger (weapon)
Armour
 b - a +0 robe (worn)
 c - a +0 hat (worn)
Scrolls
 g - a scroll of brand weapon {unknown}
Potions
 d - a potion of magic
 e - a potion of curing {unknown}
 f - a potion of attraction {unknown}
 h - 3 potions of degeneration {unknown}


   Skills:
 + Level 1.5 Fighting
 + Level 1.5 Armour
 - Level 2.1 Dodging
 - Level 1.5 Stealth
 - Level 2.1 Spellcasting
 - Level 0.6 Conjurations
 - Level 0.6 Summonings
 - Level 0.6 Translocations


You had 4 spell levels left.
You knew the following spells:

 Your Spells              Type           Power      Damage    Failure   Level
a - Magic Dart            Conj           8%         1d3       22%         1

Your spell library contained the following spells:

 Spells                   Type           Power      Damage    Failure   Level
 Slow                     Hex            4%         N/A       28%         1
 Blink                    Tloc           4%         N/A       34%         2
 Call Imp                 Summ           2%         N/A       34%         2
 Conjure Flame            Conj/Fire      1%         6-21      58%         3
 Mephitic Cloud           Conj/Pois/Air  1%         N/A       63%         3


Dungeon Overview and Level Annotations

Branches:
Dungeon (1/15)

Altars:


Innate Abilities, Weirdness & Mutations

You have a pair of horns on your head.
You reflexively headbutt those who attack you in melee.


Message History

Welcome, sleeves the Minotaur Hedge Wizard.
Everyone else who sought the Orb of Zot has failed.
Will you be different?
Press ? for a list of commands and other information.
Found a white potion.
Found a staircase leading out of the dungeon.
e - a white potion You open the door.
Found an escape hatch in the floor.
There is an open door here.
A quokka comes into view.
The quokka barely misses you. You furiously retaliate!
You headbutt the quokka. You closely miss the quokka.
The quokka is heavily wounded.
The quokka bites you.
You hit the quokka. You headbutt the quokka.
You kill the quokka!
No target in view!
HP restored.
You see here a quokka corpse.
f - a ruby potion A hobgoblin comes into view.
A hobgoblin is nearby!
Found a scroll labelled TUDEAJ MIMNAWN.
The hobgoblin shouts!
The hobgoblin misses you.
You barely miss the hobgoblin. The hobgoblin barely misses you.
You barely miss the hobgoblin. The hobgoblin closely misses you.
You closely miss the hobgoblin. The hobgoblin hits you.
You closely miss the hobgoblin. Your headbutt misses the hobgoblin.
The hobgoblin hits you.
* * * LOW HITPOINT WARNING * * *
You are too injured to fight recklessly!
You are too injured to fight recklessly!
You are too injured to fight recklessly!
You are too injured to fight recklessly!
A hobgoblin is nearby!
A hobgoblin is nearby!
You hit the hobgoblin. You headbutt the hobgoblin.
You kill the hobgoblin!
g - a scroll labelled TUDEAJ MIMNAWN An endoplasm comes into view.
An endoplasm is nearby!
The magic dart hits the endoplasm.
The endoplasm is heavily wounded.
The endoplasm quivers.
The magic dart hits the endoplasm.
The endoplasm is severely wounded.
You are out of magic!
You are out of magic!
You hit the endoplasm but do no damage. You headbutt the endoplasm.
You kill the endoplasm!
No target in view!
Magic restored.
h - 2 pink potions
Found 3 poisoned darts.
You see here 3 poisoned darts.
A giant cockroach and a rat come into view.
You hit the giant cockroach. You headbutt the giant cockroach.
You kill the giant cockroach!
Your Fighting skill increases to level 1!
Your Armour skill increases to level 1!
Found a pink potion.
You barely miss the rat. The rat bites you.
You hit the rat.
You kill the rat!
No target in view!
h - 3 pink potions (gained 1)
A giant cockroach and a hobgoblin come into view.
Found a scroll labelled HOAD KEEHIHI and 7 stones.
There are monsters nearby!
There are monsters nearby!
A kobold comes into view. It is wielding a +0 short sword.
Found a robe and 6 gold pieces.
The helpless hobgoblin fails to defend itself.
You hit the hobgoblin. You headbutt the hobgoblin.
You kill the hobgoblin!
The giant cockroach barely misses you.
You see here a hobgoblin corpse.
You barely miss the giant cockroach.
The giant cockroach bites you but does no damage.
You barely miss the kobold. The giant cockroach barely misses you.
The kobold hits you with a +0 short sword.
You closely miss the kobold. You headbutt the kobold.
You kill the kobold!
The giant cockroach bites you.
You have reached level 2!
You hit the giant cockroach but do no damage.
You headbutt the giant cockroach, but do no damage.
The giant cockroach bites you. The giant cockroach barely misses you.
You furiously retaliate!
You headbutt the giant cockroach.
You are too injured to fight recklessly!
You are too injured to fight recklessly!
You hit the giant cockroach but do no damage.
The giant cockroach is heavily wounded.
The giant cockroach closely misses you. You furiously retaliate!
You headbutt the giant cockroach!
You kill the giant cockroach!
An endoplasm comes into view.
Found 4 stones.
The endoplasm quivers.
An endoplasm is nearby!
An endoplasm is nearby!
An endoplasm is nearby!
An endoplasm is nearby!
A hobgoblin and a dart slug come into view.
You see here 7 stones.
The hobgoblin shouts!
You see here 6 gold pieces.
You hit the endoplasm but do no damage. The endoplasm hits you.
You see here 7 stones.
The endoplasm attacks as you move away! The endoplasm hits you.
The endoplasm attacks as you move away! The endoplasm barely misses you.
You hit the endoplasm but do no damage. You headbutt the endoplasm.
The endoplasm is moderately wounded.
The endoplasm freezes you.
You are frozen.
You are too injured to fight recklessly!
You are too injured to fight recklessly!
You hit the endoplasm.
The endoplasm is heavily wounded.
The endoplasm hits you.
You hit the endoplasm.
The endoplasm is almost dead.
The endoplasm hits you.
You hit the endoplasm.
You kill the endoplasm!
You closely miss the hobgoblin. The hobgoblin closely misses you.
You furiously retaliate!
You headbutt the hobgoblin. You hit the hobgoblin but do no damage.
The hobgoblin is severely wounded.
The hobgoblin barely misses you.
You hit the hobgoblin. Your headbutt misses the hobgoblin.
The hobgoblin is almost dead.
The hobgoblin hits you.
You closely miss the hobgoblin.
The hobgoblin is almost dead.
The hobgoblin barely misses you.
You barely miss the hobgoblin. Your headbutt misses the hobgoblin.
The hobgoblin is almost dead.
The hobgoblin closely misses you. You furiously retaliate!
You headbutt the hobgoblin, but do no damage.
You closely miss the hobgoblin.
The hobgoblin is almost dead.
The hobgoblin misses you.
You hit the hobgoblin.
You kill the hobgoblin!
The dart slug launches a dart at you. The slug dart hits you.
* * * LOW HITPOINT WARNING * * *
The dart slug launches a dart at you. The slug dart hits you.
* * * LOW HITPOINT WARNING * * *
You see here a hobgoblin corpse.
You hit the dart slug.
The dart slug is moderately wounded.
The dart slug launches a dart at you. The slug dart hits you.
* * * LOW HITPOINT WARNING * * *
You hit the dart slug but do no damage.
The dart slug is moderately wounded.
Unknown command.
You hit the dart slug.
The dart slug is moderately wounded.
The dart slug launches a dart at you. The slug dart misses you.
You hit the dart slug.
The dart slug is heavily wounded.
The dart slug bites you.
* * * LOW HITPOINT WARNING * * *
You hit the dart slug but do no damage.
The dart slug is heavily wounded.
Casting: Magic Dart (safe; 22% risk of failure)
Confirm with . or Enter, or press ? or * to list all spells.
Aiming: Magic Dart (safe; 22% risk of failure)
Press: ? - help, Shift-Dir - straight line, f - dart slug
Aim: a dart slug (heavily wounded, 100% to hit)
You miscast Magic Dart.
You are very lightly contaminated with residual magic.
Nothing appears to happen.
The dart slug launches a dart at you. The slug dart hits you.
You die...

#.# #.# #
########†####.#
####.##.............#
#.?.......####.######
#.##..#.#.##..........
#.....#†#.##.#.#######
.. #.).#.##.#.#
#...#@##.#..
#.#[.w.#.#############
.#.####(#.(............
..#w...$###############
##.#.#.## #...... #...
#.##### #(.. #.# ##..
#.# ... #.#


You could see a dart slug.

Vanquished Creatures
  2 endoplasms (D:1)
  2 giant cockroaches (D:1)
  3 hobgoblins (D:1)
  A quokka (D:1)
  A kobold (D:1)
  A rat (D:1)
10 creatures vanquished.

Notes
Turn   | Place    | Note
-------+----------+-------------------------------------------
     0 | D:1      | sleeves the Minotaur Hedge Wizard began the quest for the
                  | Orb.
     0 | D:1      | Reached XP level 1. HP: 14/14 MP: 2/2
   112 | D:1      | HP: 7/14 [hobgoblin (4)]
   363 | D:1      | Reached skill level 1 in Fighting
   363 | D:1      | Reached skill level 1 in Armour
   405 | D:1      | Reached XP level 2. HP: 16/23 MP: 4/4
   528 | D:1      | HP: 9/23 [dart slug/slug dart (3)]
   530 | D:1      | HP: 3/23 [dart slug/slug dart (3)]
   533 | D:1      | HP: 1/23 [dart slug (2)]
   535 | D:1      | Killed from afar by a dart slug

Illustrated notes

Levels and vault maps discovered:
D:1:      amcnicky_arrival_flooded_fountain, layout_loops_ring,
          minmay_pentomino_q4

Skill      XL: |  1 |
---------------+----+-----
Fighting       | 1 |  1.5
Armour         | 1 |  1.5
Dodging        | |  2.1
Stealth        | |  1.5
Spellcasting   | |  2.1
Conjurations   | |  0.6
Summonings     | |  0.6
Translocations | |  0.6

Action                   || total
-------------------------++-------
Melee: Dagger            ||    34
       Headbutt          ||     8
 Cast: Magic Dart        ||     2
 Stab: Sleeping          ||     1
Armor: Robe              ||     1
Dodge: Dodged            ||    15
